TOP OF THE 1ST |
Salt Lake City Buzz batting - Pitching for Port Royal Disaster : LHP Cisco Cazares
|
Pitching: LHP Cisco Cazares
|
|
Batting: RHB Alejandro Herrera
|
0-0: Foul Ball, location: 2F 0-1: Ball 1-1: Ground out 6-3 (Groundball, 6)
|
Batting: RHB Jung-hwan Kwon
|
0-0: Ball 1-0: Ground out 5-3 (Groundball, 56D)
|
Batting: RHB Justin MacPherson
|
0-0: SINGLE (Line Drive, 6M)
|
Batting: RHB Vicente Cruz
|
0-0: Ball 1-0: Called Strike 1-1: Ball 2-1: Fielders Choice at 2nd, 6-4 (Groundball, 6)
|
Top of the 1st over - 0 run(s), 1 hit(s), 0 error(s), 0 left on base; Salt Lake City 0 - Port Royal 0 |
BOTTOM OF THE 1ST |
Port Royal Disaster batting - Pitching for Salt Lake City Buzz : RHP Juan Ordóñez
|
Pitching: RHP Juan Ordóñez
|
|
Batting: LHB Ricky Payton
|
0-0: Ball 1-0: Hit by Pitch
|
Batting: RHB Nelson Abbey
|
0-0: Ball 1-0: Swinging Strike 1-1: Ball 2-1: Swinging Strike 2-2: Ball 3-2: Ground out 5-3 (Groundball, 56) Ricky Payton to second
|
Batting: RHB Winston Sparks
|
0-0: Called Strike 0-1: Ground out 5-3 (Groundball, 56)
|
Batting: RHB Loren Stallings
|
0-0: Ground out 5-3 (Groundball, 5)
|
Bottom of the 1st over - 0 run(s), 0 hit(s), 0 error(s), 1 left on base; Salt Lake City 0 - Port Royal 0 |
TOP OF THE 2ND |
Salt Lake City Buzz batting - Pitching for Port Royal Disaster : LHP Cisco Cazares
|
Batting: LHB Randy Schlosser
|
0-0: Ball 1-0: Ball 2-0: Called Strike 2-1: Foul Ball, location: 2F 2-2: Foul Ball, location: 2F 2-2: Foul Ball, location: 2F 2-2: Ball 3-2: Ground out 3-1 (Groundball, 34S)
|
Batting: RHB Thom Wilcox
|
0-0: Ball 1-0: Foul Ball, location: 2F 1-1: Foul Ball, location: 2F 1-2: Ball 2-2: Ball 3-2: Fly out, F8 (Flyball, 78D)
|
Batting: LHB Yannick Hendriksen
|
0-0: Ball 1-0: Foul Ball, location: 2F 1-1: Ball 2-1: Called Strike 2-2: DOUBLE (Flyball, 89D)
|
Batting: LHB Roberto Soto
|
0-0: Called Strike 0-1: Fly out, F7 (Flyball, 78M)
|
Top of the 2nd over - 0 run(s), 1 hit(s), 0 error(s), 1 left on base; Salt Lake City 0 - Port Royal 0 |
BOTTOM OF THE 2ND |
Port Royal Disaster batting - Pitching for Salt Lake City Buzz : RHP Juan Ordóñez
|
Batting: RHB Marvin Hunter
|
0-0: Called Strike 0-1: Ball 1-1: SINGLE (Groundball, 6MS) (infield hit)
|
Batting: LHB Bob Daugherty
|
0-0: Foul Ball, location: 2F 0-1: Ball 1-1: Swinging Strike 1-2: Ball 2-2: Fly out, F8 (Flyball, 8LM)
|
Batting: RHB Martín Méndez
|
0-0: Ball 1-0: SINGLE (Groundball, 34D) Marvin Hunter to second Throwing error, E9 Marvin Hunter scores Martín Méndez to second
|
Batting: RHB Zach Lewis
|
0-0: Ground out 6-3 (Groundball, 6)
|
Batting: RHB Ronnie Cleveland
|
0-0: Called Strike 0-1: Ball 1-1: Fly out, F7 (Flyball, 78D)
|
Bottom of the 2nd over - 1 run(s), 2 hit(s), 1 error(s), 1 left on base; Salt Lake City 0 - Port Royal 1 |
TOP OF THE 3RD |
Salt Lake City Buzz batting - Pitching for Port Royal Disaster : LHP Cisco Cazares
|
Batting: RHB Quigley Gibson
|
0-0: Called Strike 0-1: Ball 1-1: Called Strike 1-2: Fly out, F8 (Flyball, 8LM)
|
Batting: RHB Alejandro Herrera
|
0-0: Called Strike 0-1: Ball 1-1: Called Strike 1-2: Ball 2-2: Strikes out looking
|
Batting: RHB Jung-hwan Kwon
|
0-0: Called Strike 0-1: Fly out, F6 (Popup, 6)
|
Top of the 3rd over - 0 run(s), 0 hit(s), 0 error(s), 0 left on base; Salt Lake City 0 - Port Royal 1 |
BOTTOM OF THE 3RD |
Port Royal Disaster batting - Pitching for Salt Lake City Buzz : RHP Juan Ordóñez
|
Batting: LHB Ricky Payton
|
0-0: Ball 1-0: Ball 2-0: Swinging Strike 2-1: SINGLE (Line Drive, 34D)
|
Batting: RHB Nelson Abbey
|
0-0: Ball 1-0: Grounds into double play, 6-4-3 (Groundball, 6M)
|
Batting: RHB Winston Sparks
|
0-0: Ball 1-0: Called Strike 1-1: Ball 2-1: Ground out 6-3 (Groundball, 6)
|
Bottom of the 3rd over - 0 run(s), 1 hit(s), 0 error(s), 0 left on base; Salt Lake City 0 - Port Royal 1 |
TOP OF THE 4TH |
Salt Lake City Buzz batting - Pitching for Port Royal Disaster : LHP Cisco Cazares
|
Batting: RHB Justin MacPherson
|
0-0: Fly out, F3 (Flyball, 3DF)
|
Batting: RHB Vicente Cruz
|
0-0: Ball 1-0: Ball 2-0: Swinging Strike 2-1: Foul Ball, location: 2F 2-2: Foul Ball, location: 2F 2-2: Foul Ball, location: 2F 2-2: Strikes out swinging
|
Batting: LHB Randy Schlosser
|
0-0: Ball 1-0: Called Strike 1-1: Ball 2-1: Called Strike 2-2: Foul Ball, location: 2F 2-2: Ball 3-2: Fly out, F7 (Flyball, 7S)
|
Top of the 4th over - 0 run(s), 0 hit(s), 0 error(s), 0 left on base; Salt Lake City 0 - Port Royal 1 |
BOTTOM OF THE 4TH |
Port Royal Disaster batting - Pitching for Salt Lake City Buzz : RHP Juan Ordóñez
|
Batting: RHB Loren Stallings
|
0-0: Ball 1-0: Ball 2-0: Ball 3-0: Called Strike 3-1: Base on Balls
|
Batting: RHB Marvin Hunter
|
0-0: Called Strike 0-1: Foul Ball, location: 2F Pickoff Throw to First - Error! E1 Loren Stallings to second 0-2: Ball 1-2: Strikes out swinging
|
Batting: LHB Bob Daugherty
|
0-0: Ball 1-0: Ball 2-0: Ball 3-0: Base on Balls
|
Batting: RHB Martín Méndez
|
0-0: Swinging Strike 0-1: SINGLE (Groundball, 34D) Loren Stallings to third Bob Daugherty to second Runner from 3rd tries for Home, SAFE, no throw
|
Batting: RHB Zach Lewis
|
0-0: Reached on error, E2 (Groundball, 2L) Bob Daugherty scores Martín Méndez to third
|
Batting: RHB Ronnie Cleveland
|
0-0: Called Strike 0-1: Ball 1-1: SINGLE (Line Drive, 4M) Martín Méndez scores Zach Lewis to third
|
Batting: LHB Ricky Payton
|
0-0: Ball 1-0: Called Strike 1-1: Ball 2-1: Ball 3-1: Fly out, F1 (Line Drive, 13)
|
Batting: RHB Nelson Abbey
|
0-0: Called Strike 0-1: SINGLE (Groundball, 4MD) Zach Lewis scores Ronnie Cleveland to second Runner from 2nd tries for 3rd, SAFE, throw made to third
|
Batting: RHB Winston Sparks
|
0-0: Ball 1-0: Ball Pickoff Throw to First - Out!
|
Bottom of the 4th over - 4 run(s), 3 hit(s), 2 error(s), 0 left on base; Salt Lake City 0 - Port Royal 5 |
TOP OF THE 5TH |
Salt Lake City Buzz batting - Pitching for Port Royal Disaster : LHP Cisco Cazares
|
Batting: RHB Thom Wilcox
|
0-0: Foul Ball, location: 2F 0-1: Foul Ball, location: 2F 0-2: Foul Ball, location: 2F 0-2: Fly out, F7 (Flyball, 78S)
|
Batting: LHB Yannick Hendriksen
|
0-0: Called Strike 0-1: Ball 1-1: Ball 2-1: SINGLE (Groundball, 4MD)
|
Batting: LHB Roberto Soto
|
0-0: Ball Passed Ball! Yannick Hendriksen to second 1-0: Ball 2-0: Ball 3-0: Base on Balls
|
Batting: RHB Quigley Gibson
|
0-0: Foul Ball, location: 2F 0-1: Called Strike 0-2: Reached on error, E6 (Groundball, 6M) Yannick Hendriksen to third Roberto Soto to second
|
Pitching: RHP Ray Mangas
|
|
Batting: RHB Alejandro Herrera
|
0-0: Called Strike 0-1: Called Strike 0-2: Ball 1-2: Fly out, F9 (Flyball, 9LMF) Runner from 3rd tags up, SCORES, no throw
|
Batting: RHB Jung-hwan Kwon
|
0-0: Called Strike 0-1: Ball 1-1: Swinging Strike 1-2: Ball 2-2: Ball 3-2: Strikes out looking
|
Top of the 5th over - 1 run(s), 1 hit(s), 1 error(s), 2 left on base; Salt Lake City 1 - Port Royal 5 |
BOTTOM OF THE 5TH |
Port Royal Disaster batting - Pitching for Salt Lake City Buzz : RHP Juan Ordóñez
|
Batting: RHB Winston Sparks
|
0-0: Ground out 5-3 (Groundball, 56S)
|
Batting: RHB Loren Stallings
|
0-0: Foul Ball, location: 2F 0-1: Ball 1-1: Ball 2-1: Foul Ball, location: 2F 2-2: Ground out 5-3 (Groundball, 56)
|
Batting: RHB Marvin Hunter
|
0-0: DOUBLE (Line Drive, 7LM)
|
Batting: LHB Bob Daugherty
|
0-0: Fly out, F5 (Flyball, 5DF)
|
Bottom of the 5th over - 0 run(s), 1 hit(s), 0 error(s), 1 left on base; Salt Lake City 1 - Port Royal 5 |
TOP OF THE 6TH |
Salt Lake City Buzz batting - Pitching for Port Royal Disaster : RHP Ray Mangas
|
Batting: RHB Justin MacPherson
|
0-0: Foul Ball, location: 2F 0-1: Foul Ball, location: 2F 0-2: Fly out, F9 (Flyball, 9LMF)
|
Batting: RHB Vicente Cruz
|
0-0: Ball 1-0: Called Strike 1-1: SINGLE (Groundball, 34D)
|
Batting: LHB Randy Schlosser
|
0-0: Fly out, F6 (Popup, 6)
|
Batting: RHB Thom Wilcox
|
0-0: Called Strike 0-1: Foul Ball, location: 2F 0-2: Ball 1-2: Ball 2-2: Ball 3-2: Foul Ball, location: 2F 3-2: Fly out, F6 (Popup, 6S)
|
Top of the 6th over - 0 run(s), 1 hit(s), 0 error(s), 1 left on base; Salt Lake City 1 - Port Royal 5 |
BOTTOM OF THE 6TH |
Port Royal Disaster batting - Pitching for Salt Lake City Buzz : RHP Juan Ordóñez
|
Batting: RHB Martín Méndez
|
0-0: Ball 1-0: Ball 2-0: Fly out, F7 (Line Drive, 7D)
|
Batting: RHB Zach Lewis
|
0-0: Ball 1-0: Ball 2-0: Foul Ball, location: 2F 2-1: Foul Ball, location: 2F 2-2: Foul Ball, location: 2F 2-2: Ball 3-2: Base on Balls
|
Batting: RHB Ronnie Cleveland
|
0-0: Foul Ball, location: 2F 0-1: SINGLE (Groundball, 6D) Zach Lewis to second
|
Batting: LHB Ricky Payton
|
0-0: Called Strike 0-1: Foul Ball, location: 2F 0-2: Strikes out looking
|
Batting: RHB Nelson Abbey
|
0-0: Foul Ball, location: 2F 0-1: Ball 1-1: SINGLE (Line Drive, 9LS) Zach Lewis to third Ronnie Cleveland to second Runner from 3rd tries for Home, SAFE, no throw
|
Pitching: LHP Roberto De La Cruz
|
|
Batting: RHB Winston Sparks
|
0-0: Foul Ball, location: 2F 0-1: Foul Ball, location: 2F 0-2: Fielders Choice at 2nd, 5-4 (Groundball, 56)
|
Bottom of the 6th over - 1 run(s), 2 hit(s), 0 error(s), 1 left on base; Salt Lake City 1 - Port Royal 6 |
TOP OF THE 7TH |
Salt Lake City Buzz batting - Pitching for Port Royal Disaster : RHP Ray Mangas
|
Batting: LHB Yannick Hendriksen
|
0-0: Ball 1-0: Ball 2-0: Called Strike 2-1: Swinging Strike 2-2: Foul Ball, location: 2F 2-2: Ball 3-2: Strikes out swinging
|
Batting: LHB Roberto Soto
|
0-0: Ball 1-0: Ball 2-0: Called Strike 2-1: Ball 3-1: Called Strike 3-2: SINGLE (Line Drive, 6)
|
Batting: RHB Quigley Gibson
|
0-0: Ball 1-0: Ball 2-0: Ball 3-0: Called Strike 3-1: Base on Balls Roberto Soto to second
|
Batting: RHB Alejandro Herrera
|
0-0: Ball 1-0: Fly out, F8 (Flyball, 8RM)
|
Batting: RHB Jung-hwan Kwon
|
0-0: SINGLE (Flyball, 7LS) Roberto Soto to third Quigley Gibson to second Runner from 3rd tries for Home, SAFE, no throw
|
Batting: RHB Justin MacPherson
|
0-0: Ball 1-0: Ball 2-0: SINGLE (Line Drive, 6MD) Quigley Gibson to third Jung-hwan Kwon to second
|
Batting: RHB Vicente Cruz
|
0-0: Called Strike 0-1: Ground out 5-3 (Groundball, 5S)
|
Top of the 7th over - 1 run(s), 3 hit(s), 0 error(s), 3 left on base; Salt Lake City 2 - Port Royal 6 |
BOTTOM OF THE 7TH |
Port Royal Disaster batting - Pitching for Salt Lake City Buzz : LHP Roberto De La Cruz
|
Batting: RHB Loren Stallings
|
0-0: Ball 1-0: Ball 2-0: Ball 3-0: Base on Balls
|
Batting: RHB Marvin Hunter
|
0-0: Ball 1-0: Ball 2-0: Fly out, F5 (Popup, 5L)
|
Batting: LHB Bob Daugherty
|
0-0: Ball 1-0: Foul Ball, location: 2F 1-1: Foul Ball, location: 2F 1-2: Ball 2-2: SINGLE (Flyball, 78S) Loren Stallings to second
|
Batting: RHB Martín Méndez
|
0-0: Ball 1-0: Swinging Strike 1-1: Ball 2-1: Ball 3-1: Called Strike 3-2: Base on Balls Loren Stallings to third Bob Daugherty to second
|
Batting: RHB Zach Lewis
|
0-0: Called Strike 0-1: Ball 1-1: Ball 2-1: Ball 3-1: Foul Ball, location: 2F 3-2: Base on Balls Loren Stallings scores Bob Daugherty to third Martín Méndez to second
|
Batting: RHB Ronnie Cleveland
|
0-0: Called Strike 0-1: Fly out, F7 (Flyball, 7LMF) Runner from 3rd tags up, SCORES, no throw
|
Batting: LHB Ricky Payton
|
0-0: Ball Wild Pitch! Martín Méndez to third Zach Lewis to second 1-0: Ball 2-0: Called Strike 2-1: Swinging Strike 2-2: Foul Ball, location: 2F 2-2: Ball 3-2: Foul Ball, location: 2F 3-2: Base on Balls
|
Batting: RHB Nelson Abbey
|
0-0: Called Strike 0-1: Fly out, F9 (Flyball, 9S)
|
Bottom of the 7th over - 2 run(s), 1 hit(s), 0 error(s), 3 left on base; Salt Lake City 2 - Port Royal 8 |
TOP OF THE 8TH |
Salt Lake City Buzz batting - Pitching for Port Royal Disaster : RHP Ray Mangas
|
Batting: LHB Randy Schlosser
|
0-0: Ball 1-0: Foul Ball, location: 2F 1-1: Foul Ball, location: 2F 1-2: Foul Ball, location: 2F 1-2: Ball 2-2: SINGLE (Flyball, 89S)
|
Pitching: RHP Miguel Hernández
|
|
Batting: RHB Thom Wilcox
|
0-0: Ball 1-0: Foul Ball, location: 2F 1-1: Ball 2-1: Ball 3-1: Base on Balls Randy Schlosser to second
|
Batting: LHB Yannick Hendriksen
|
0-0: Called Strike 0-1: Foul Ball, location: 2F 0-2: Foul Ball, location: 2F 0-2: Strikes out looking
|
Batting: LHB Roberto Soto
|
0-0: Ball 1-0: Fly out, F7 (Line Drive, 7)
|
Batting: RHB Quigley Gibson
|
0-0: Ball 1-0: Called Strike 1-1: Swinging Strike 1-2: Strikes out swinging
|
Top of the 8th over - 0 run(s), 1 hit(s), 0 error(s), 2 left on base; Salt Lake City 2 - Port Royal 8 |
BOTTOM OF THE 8TH |
Port Royal Disaster batting - Pitching for Salt Lake City Buzz : LHP Roberto De La Cruz
|
Batting: RHB Winston Sparks
|
0-0: Ball 1-0: Called Strike 1-1: Foul Ball, location: 2F 1-2: Strikes out swinging, 2-3 out at first.
|
Batting: RHB Loren Stallings
|
0-0: Ball 1-0: Called Strike 1-1: Ball 2-1: Called Strike 2-2: Fly out, F9 (Line Drive, 89M)
|
Batting: RHB Marvin Hunter
|
0-0: Ball 1-0: Ball 2-0: Ball 3-0: Called Strike 3-1: Base on Balls
|
Batting: LHB Bob Daugherty
|
0-0: Ball 1-0: Ball 2-0: Called Strike Pickoff Throw to First - Error! E1 Marvin Hunter to second 2-1: Ball 3-1: Called Strike 3-2: Strikes out swinging
|
Bottom of the 8th over - 0 run(s), 0 hit(s), 1 error(s), 1 left on base; Salt Lake City 2 - Port Royal 8 |
TOP OF THE 9TH |
Salt Lake City Buzz batting - Pitching for Port Royal Disaster : RHP Miguel Hernández
|
Batting: RHB Alejandro Herrera
|
0-0: Fly out, F8 (Flyball, 8LM)
|
Batting: RHB Jung-hwan Kwon
|
0-0: Ball 1-0: Called Strike 1-1: Foul Ball, location: 2F 1-2: Ground out 5-3 (Groundball, 56)
|
Batting: RHB Justin MacPherson
|
0-0: Called Strike 0-1: Swinging Strike 0-2: Ball 1-2: Ball 2-2: Ball 3-2: Ground out 5-3 (Groundball, 56)
|
Top of the 9th over - 0 run(s), 0 hit(s), 0 error(s), 0 left on base; Salt Lake City 2 - Port Royal 8 |
|